 Dungeon Crawl Stone Soup version 0.22.1-1-ga44c0e5 (webtiles) character file.

140 Fang the Skirmisher (level 5, -1/34 HPs)
             Began as a Gargoyle Berserker on Oct 17, 2018.
             Was a Believer of Trog.
             Killed from afar by an orc wizard (8 damage)
             ... with a magic dart
             ... on level 3 of the Dungeon.
             The game lasted 00:02:32 (2222 turns).

Fang the Skirmisher (Gargoyle Berserker)            Turns: 2222, Time: 00:02:33

Health: -1/34      AC:  6    Str: 21    XL:     5   Next: 22%
Magic:  5/5        EV: 12    Int:  8    God:    Trog [**....]
Gold:   153        SH:  0    Dex:  9    Spells: 4/4 levels left

rFire    . . .     SeeInvis .   a - +0 hand axe
rCold    . . .     Gourm    .   (no shield)
rNeg     + . .     Faith    .   b - +0 animal skin
rPois    ∞         Spirit   .   (no helmet)
rElec    +         Reflect  .   (no cloak)
rCorr    .         Harm     .   (no gloves)
MR       +....                  (no boots)
Stlth    +.........             (no amulet)
HPRegen  0.11/turn              m - ring of poison resistance
MPRegen  0.09/turn              j - ring of protection from magic

@: no status effects
A: negative energy resistance 1, electricity resistance, unbreathing,
petrification resistance, rot immunity, AC +4
a: Berserk, Trog's Hand, Renounce Religion


You were on level 3 of the Dungeon.
You worshipped Trog.
Trog was pleased with you.
You were hungry.

You visited 1 branch of the dungeon, and saw 3 of its levels.

You collected 153 gold pieces.

Inventory:

Hand Weapons
 a - a +0 hand axe (weapon)
Armour
 b - a +0 animal skin (worn)
Jewellery
 j - a ring of protection from magic (right hand)
 m - a ring of poison resistance (left hand)
Scrolls
 c - a scroll of blinking {unknown}
 e - 2 scrolls of identify {unknown}
 f - 3 scrolls of teleportation {unknown}
 g - a scroll of amnesia {unknown}
 i - 2 scrolls of fear {unknown}
 n - a scroll of enchant weapon {unknown}
 o - a scroll of noise {unknown}
Potions
 d - 2 potions of might {unknown}
 h - a potion of flight {unknown}
 k - a potion of invisibility {unknown}
 p - a potion of brilliance {unknown}
Comestibles
 l - a ration


   Skills:
 + Level 4.5 Fighting
 + Level 4.0 Axes
 + Level 2.6 Armour
 + Level 2.1 Dodging


You had 4 spell levels left.
You didn't know any spells.
Your spell library was empty.

Dungeon Overview and Level Annotations

Branches:
Dungeon (3/15)

Altars:
Gozag
Sif Muna
Vehumet
The Shining One


Innate Abilities, Weirdness & Mutations

You are resistant to torment.
Your stone body is resilient. (AC +4)
You are immune to poison.
You resist negative energy. (rN+)
You are resistant to electric shocks. (rElec)
You can survive without breathing.
You are immune to petrification.
You are immune to rotting.


Message History

You completely miss the leopard gecko.
Something tries to affect you, but you resist.
The leopard gecko bites you but does no damage.
You closely miss the leopard gecko.
The leopard gecko bites you but does no damage.
You miss the leopard gecko.
The leopard gecko bites you but does no damage.
The leopard gecko bites you.
You hit the leopard gecko.
The leopard gecko is almost dead.
The leopard gecko bites you but does no damage.
You hit the leopard gecko.
You kill the leopard gecko!
Trog accepts your kill.
A magic dart appears from out of thin air!
The magic dart hits you!
* * * LOW HITPOINT WARNING * * *
A magic dart appears from out of thin air!
The magic dart hits you!
You die...

##.##.........##
#..#....≈≈≈....#
#.##...≈≈≈≈≈...##
#.#...≈≈...≈≈...#
######.#...≈≈.>.≈≈...#
.......#...≈≈..{≈≈...#
#.#######...≈≈≈≈≈...##
#.# ....≈≈≈....#
#.########......@..##
#........##.......##
#############...###
#._. #... ####


There were no monsters in sight!

Vanquished Creatures
  3 gnolls (D:2)
  6 adders
  2 worms
  A dart slug (D:2)
  A leopard gecko (D:3)
  An orc (D:3)
  2 giant cockroaches
  5 goblins
  5 hobgoblins
  4 jackals
  A quokka (D:3)
  6 bats
  2 frilled lizards
  5 kobolds
  6 rats
50 creatures vanquished.

Notes
Turn   | Place    | Note
-------+----------+-------------------------------------------
     0 | D:1      | Fang the Gargoyle Berserker began the quest for the Orb.
     0 | D:1      | Reached XP level 1. HP: 14/14 MP: 1/1
    89 | D:1      | Reached XP level 2. HP: 18/19 MP: 2/2
   769 | D:2      | Reached XP level 3. HP: 23/24 MP: 3/3
   961 | D:2      | Reached XP level 4. HP: 7/30 MP: 4/4
   963 | D:2      | Reached ** piety under Trog
  1377 | D:2      | Found an opulent altar of Gozag.
  1772 | D:3      | Found a radiant altar of Vehumet.
  1861 | D:3      | Reached XP level 5. HP: 32/34 MP: 5/5
  1951 | D:3      | Found a glowing golden altar of the Shining One.
  2200 | D:3      | Found a deep blue altar of Sif Muna.
  2222 | D:3      | Killed from afar by an orc wizard

Skill      XL: |  1  2  3  4  5 |
---------------+----------------+-----
Axes           | 3 4 |  4.0
Fighting       | 4 |  4.5
Dodging        | 2 |  2.1
Armour         | |  2.6

Action                   |  1- 3 |  4- 6 || total
-------------------------+-------+-------++-------
Melee: Hand axe          |    91 |   110 ||   201
Invok: Berserk           |     2 |     1 ||     3
 Stab: Sleeping          |       |     1 ||     1
  Eat: Chunk             |     1 |     2 ||     3
       Ration            |       |     1 ||     1
Armor: Animal skin       |    37 |    45 ||    82
Dodge: Dodged            |    70 |    65 ||   135
